Map: Caverne nascoste

Players

PeacHAeMe

  • Race: Terran Terran

Alucine

  • Race: Zerg Zerg

Jhyrachy

  • Race: Zerg Zerg
  • League: Gold

mrsqueezee

  • Race: Zerg Zerg

Donnerschlag

  • Race: Protoss Protoss

Crazyjoé

  • Race: Protoss Protoss

drfalken

  • Race: Zerg Zerg
  • League: Gold

mekagoendios

  • Race: Protoss Protoss

VOD

Have the link to the VOD?

Description

Time

  • Played on: May 26, 2016, 5:17 p.m.
  • Length: 17:09
Show
View Real Time Build Order
Export as new Build Order

PeacHAeMe Terran 

Build Orders:  

Get SALT Encoding   

  12  0:02  SCV  
  14  0:14  SCV  
  14  0:29  SCV  
  14  0:33  Supply Depot  
  15  0:55  SCV  
  16  0:58  Refinery  
  16  1:00  Barracks  
  16  1:07  SCV  
  17  1:19  SCV  
  18  1:31  SCV  
  19  1:37  Supply Depot  
  19  1:43  SCV  
  20  1:49  Engineering Bay  
  20  1:53  Bunker  
  20  1:55  Marine  
  21  2:10  Supply Depot  
  21  2:23  SCV  
  22  2:39  Command Center  
  22  2:41  Marine  
  23  2:48  Refinery  
  23  2:51  Missile Turret  
  23  2:59  Marine  
  23  3:02  Orbital Command  
  24  3:10  Missile Turret  
  24  3:17  Marine  
  25  3:38  Barracks  
  25  3:49  Factory  
  25  3:56  Factory  
  25  4:05  SCV x2  
  27  4:17  SCV x2  
  29  4:29  SCV x2  
  31  4:41  SCV x2  
  31  4:43  Factory Tech Lab x2  
  31  4:44  Command Center  
  33  4:48  Armory  
  33  4:53  SCV  
  33  4:54  SCV  
  35  5:05  SCV  
  35  5:06  SCV  
  37  5:18  SCV x2  
  39  5:29  Supply Depot  
  39  5:30  Supply Depot, SCV x2  
  39  5:31  Supply Depot  
  39  5:34  Supply Depot  
  41  5:42  SCV x2  
  43  5:43  Thor  
  49  5:51  Thor  
  49  5:54  SCV x2  
  57  6:03  Missile Turret  
  57  6:06  SCV x2  
  57  6:07  Orbital Command  
  59  6:13  Refinery  
  59  6:18  Refinery  
  59  6:32  Thor  
  65  6:34  Thor  
  65  6:36  Missile Turret  
  65  6:37  Terran Vehicle Weapons Level 1  
  71  6:54  SCV  
  71  6:55  SCV x2  
  71  6:56  Factory  
  74  7:07  SCV x2  
  74  7:08  SCV  
  77  7:14  Thor  
  83  7:19  SCV  
  83  7:22  Supply Depot  
  84  7:25  Supply Depot  
  84  7:30  Refinery  
  84  7:44  Supply Depot  
  84  7:49  Missile Turret  
  84  7:51  SCV x3  
  87  7:55  Thor  
  87  7:57  Thor  
  99  7:59  Factory Tech Lab  
  99  8:03  SCV x3  
  102  8:15  SCV x2  
  102  8:16  Refinery  
  104  8:28  Thor  
  110  8:38  Supply Depot, Thor  
  110  8:39  Supply Depot  
  110  8:40  Thor  
  110  8:41  Supply Depot  
  122  8:50  Supply Depot  
  122  9:03  SCV  
  123  9:11  Thor  
  123  9:12  Missile Turret  
  123  9:13  Missile Turret  
  123  9:15  Missile Turret, SCV  
  130  9:21  Thor  
  136  9:27  SCV  
  137  9:55  Thor x2  
  149  10:04  Thor  
  123  10:47  Thor x2  
  92  11:08  Thor  
  98  11:12  SCV  
  99  11:24  SCV  
  99  11:25  Terran Vehicle And Ship Armor Level 1  
  100  11:29  Thor  
  100  11:30  Thor  
  112  11:35  Barracks Reactor  
  112  11:36  SCV  
  113  11:48  SCV  
  113  11:50  Thor  
  120  12:12  Thor x2  
  132  12:27  Marine x2  
  134  12:33  Thor  
  140  12:45  Marine x2  
  140  12:46  Barracks  
  140  12:48  Barracks  
  140  12:51  Barracks  
  142  12:53  Barracks  
  142  12:55  Thor x2  
  154  13:02  Marine  
  154  13:03  Marine  
  156  13:18  Terran Vehicle Weapons Level 2  
  156  13:20  Marine  
  157  13:45  Barracks Tech Lab  
  157  13:46  Barracks Tech Lab, Barracks Reactor  
  157  13:47  Barracks Reactor  
  157  13:55  Missile Turret  
  157  14:01  Missile Turret  
  157  14:12  Marine  
  157  14:13  Marine  
  153  14:29  Marine  
  153  14:30  Marine  
  155  14:33  Marine x2  
  157  14:45  Supply Depot x2  
  157  14:47  Supply Depot x2  
  157  14:48  Supply Depot  
  157  15:06  Marine x8  
  165  15:07  Supply Depot  
  165  15:18  Thor  
  165  15:19  Thor x2  
  183  15:24  Marine x8  
  191  15:41  Combat Shields  
  191  15:42  Marine x7  
  198  16:00  Marine x3  
  186  16:18  Marine  
Show
View Real Time Build Order
Export as new Build Order

Alucine Zerg 

Build Orders: Hatch First 

Get SALT Encoding   

  12  0:03  Drone  
  13  0:13  Drone  
  14  0:18  Overlord  
  14  0:51  Drone x2  
  14  0:55  Drone  
  17  0:59  Hatchery  
  16  1:16  Spawning Pool  
  15  1:21  Drone x2  
  15  1:25  Extractor  
  16  1:37  Extractor  
  15  1:44  Drone x2  
  17  1:52  Drone  
  18  1:57  Drone  
  19  2:09  Roach Warren  
  18  2:18  Drone x2  
  18  2:20  Overlord  
  20  2:23  Queen  
  22  2:31  Queen  
  24  2:50  Roach x2  
  24  2:51  Roach  
  30  3:12  Spine Crawler  
  29  3:18  Roach x3  
  35  3:20  Overlord  
  35  3:37  Drone  
  35  3:38  Drone x3  
  35  3:40  Drone  
  40  3:54  Spore Crawler  
  39  4:01  Drone  
  39  4:02  Drone x3  
  43  4:17  Drone  
  43  4:18  Overlord x2  
  44  4:33  Lair  
  44  4:36  Burrow  
  44  4:40  Drone x4  
  44  4:45  Extractor  
  47  4:47  Extractor  
  47  4:52  Drone x4  
  50  4:55  Drone  
  51  5:12  Drone  
  51  5:13  Drone x5  
  57  5:31  Glial Reconstitution  
  57  5:38  Roach  
  57  5:40  Overlord x2  
  57  5:41  Evolution Chamber  
  57  5:42  Evolution Chamber  
  57  5:47  Spore Crawler  
  56  5:51  Queen  
  58  6:01  Spore Crawler  
  57  6:11  Spore Crawler  
  57  6:14  Spore Crawler x2  
  54  6:20  Drone x6  
  54  6:21  Drone x3  
  63  6:31  Zerg Ground Armor Level 1  
  63  6:49  Tunneling Claws  
  63  7:04  Hatchery  
  63  7:05  Roach  
  63  7:06  Roach x6  
  63  7:07  Overlord  
  76  7:24  Zerg Missile Weapons Level 1  
  76  7:36  Overlord x2  
  76  7:52  Overlord x2  
  76  8:07  Infestation Pit  
  75  8:17  Hydralisk Den  
  74  8:21  Queen  
  76  8:31  Drone x2  
  76  8:32  Drone x6  
  76  8:33  Drone x2  
  86  8:38  Roach  
  86  8:39  Roach x13  
  114  8:56  Lurker Den  
  114  8:59  Zerg Ground Armor Level 2  
  114  9:53  Roach x28  
  114  9:54  Hive  
  114  10:12  Roach x27  
  100  10:38  Zerg Missile Weapons Level 2  
  100  10:40  Muscular Augments  
  58  11:00  Overseer x2  
  58  11:12  Extractor x2  
  58  11:13  Viper x5  
  71  11:31  Hatchery  
  70  11:37  Spire  
  70  11:38  Overseer x2  
  69  11:41  Pneumatized Carapace  
  69  12:07  Spore Crawler  
  43  13:22  Viper x3  
  43  13:23  Viper  
  55  13:33  Hydralisk x8  
  55  13:34  Hydralisk x21  
  77  14:43  Hydralisk x2  
  81  14:46  Overlord x4  
  81  14:52  Greater Spire  
  81  15:16  Lurker x3  
  81  15:17  Lurker x6  
  76  16:30  Hydralisk x3  
  76  16:31  Hydralisk x3  
Show
View Real Time Build Order
Export as new Build Order

Jhyrachy Zerg 

Build Orders: Hatch First, Lurkers 

Get SALT Encoding   

  12  0:18  Drone x2  
  14  0:44  Overlord  
  14  0:47  Hatchery  
  13  0:51  Drone  
  15  1:04  Drone x2  
  15  1:07  Drone  
  17  1:18  Spawning Pool  
  16  1:19  Extractor  
  16  1:20  Drone  
  16  1:29  Drone  
  17  1:44  Drone  
  18  1:53  Drone  
  19  2:01  Drone  
  19  2:06  Queen, Extractor  
  21  2:09  Queen  
  23  2:17  Drone x3  
  26  2:25  Drone  
  27  2:32  Drone  
  27  2:35  Overlord  
  28  2:46  Extractor  
  27  2:54  Drone  
  27  2:55  Drone x4  
  32  3:11  Drone x2  
  34  3:17  Lair  
  34  3:21  Drone  
  34  3:22  Drone  
  34  3:23  Overlord x2  
  36  3:29  Extractor  
  36  3:30  Drone  
  36  3:40  Queen  
  38  4:00  Drone x4  
  38  4:01  Drone x2  
  44  4:03  Overlord x2  
  44  4:19  Spire  
  43  4:28  Drone x3  
  46  5:01  Overlord x2  
  46  5:13  Drone x2  
  46  5:14  Drone x2  
  50  5:21  Queen  
  50  5:24  Drone  
  50  5:28  Hatchery  
  52  5:39  Mutalisk x4  
  52  5:40  Mutalisk x7  
  74  5:47  Queen  
  76  5:59  Pneumatized Carapace  
  76  6:01  Spore Crawler  
  76  6:03  Spore Crawler  
  74  6:12  Spore Crawler x2  
  72  6:32  Overlord x2  
  72  6:33  Overlord x2  
  72  7:08  Mutalisk  
  72  7:09  Mutalisk x9  
  80  7:49  Drone  
  80  7:50  Drone x5  
  70  8:32  Spore Crawler  
  69  8:34  Queen, Spore Crawler  
  69  8:38  Spore Crawler  
  66  9:02  Evolution Chamber  
  66  9:07  Hydralisk Den  
  66  9:09  Evolution Chamber  
  63  9:15  Corruptor  
  63  9:16  Corruptor x9  
  81  9:19  Overlord x4  
  81  9:37  Overlord x4  
  81  9:40  Muscular Augments  
  81  9:41  Zerg Ground Armor Level 1, Zerg Missile Weapons Level 1  
  81  10:00  Drone x3  
  81  10:02  Hatchery, Extractor  
  81  10:05  Extractor  
  81  10:10  Zerg Flyer Weapons Level 1  
  49  11:16  Queen  
  49  11:17  Queen  
  49  11:23  Hydralisk  
  49  11:24  Hydralisk x13  
  77  11:29  Queen  
  77  11:45  Spore Crawler  
  76  11:47  Spore Crawler  
  76  11:49  Spore Crawler  
  74  12:00  Zerg Missile Weapons Level 2, Zerg Ground Armor Level 2  
  74  12:02  Lurker Den  
  74  12:10  Hydralisk  
  74  12:11  Hydralisk x7  
  46  13:19  Hydralisk x2  
  44  13:20  Hydralisk x5  
  34  13:48  Lurker  
  34  13:49  Lurker x6  
  41  14:19  Overseer  
  41  14:31  Drone  
  41  14:32  Drone x9  
  51  15:32  Burrow  
  44  16:05  Extractor  
  44  16:06  Hatchery  
  44  16:08  Extractor  
  41  16:19  Corruptor x3  
Show
View Real Time Build Order
Export as new Build Order

mrsqueezee Zerg 

Build Orders: Hatch First 

Get SALT Encoding   

  12  0:03  Drone  
  13  0:15  Overlord  
  13  0:24  Overlord  
  13  0:29  Drone  
  15  0:35  Drone  
  15  0:41  Drone  
  16  0:51  Drone  
  17  1:09  Drone  
  18  1:12  Drone  
  18  1:16  Extractor  
  18  1:22  Hatchery  
  17  1:49  Drone  
  18  1:54  Spawning Pool  
  18  1:56  Drone x2  
  19  2:07  Overlord  
  19  2:14  Drone  
  20  2:32  Drone  
  20  2:33  Drone  
  22  2:41  Queen  
  22  2:42  Queen  
  22  2:43  Drone x2  
  22  2:44  Metabolic Boost  
  28  2:49  Drone  
  28  2:51  Evolution Chamber  
  28  2:54  Drone  
  29  2:58  Drone  
  30  3:06  Drone  
  30  3:08  Drone  
  32  3:18  Zerg Melee Weapons Level 1  
  32  3:23  Zergling x4  
  34  3:27  Zergling x2  
  34  3:29  Zergling x2  
  36  3:37  Zergling x2  
  36  3:40  Zergling x2  
  38  3:54  Zergling x12  
  44  3:57  Overlord  
  44  3:59  Overlord  
  44  4:14  Lair  
  44  4:17  Zergling x2  
  44  4:18  Zergling x6  
  44  4:23  Zergling x6  
  51  4:26  Zergling x2  
  52  4:51  Zergling x6  
  52  4:52  Zergling x8  
  59  5:06  Zergling x4  
  60  5:07  Overlord  
  60  5:08  Overlord  
  52  5:28  Zergling x2  
  52  5:29  Zergling x6  
  56  5:45  Extractor  
  56  5:47  Extractor, Drone  
  56  5:48  Zergling x4, Extractor  
  56  5:57  Spore Crawler  
  56  5:59  Spore Crawler  
  56  6:01  Spore Crawler  
  53  6:04  Overlord x2  
  53  6:05  Overlord  
  50  6:25  Drone x6  
  55  6:27  Overlord  
  55  6:28  Overlord x2  
  56  6:41  Spore Crawler x2  
  56  6:44  Drone  
  56  6:45  Drone x3  
  56  6:46  Spore Crawler  
  57  7:06  Drone x2  
  57  7:07  Drone  
  60  7:11  Zerg Ground Armor Level 1  
  60  7:13  Hydralisk Den  
  59  7:15  Drone  
  59  7:16  Drone x6  
  40  8:01  Drone x3  
  40  8:02  Drone x3  
  46  8:13  Zergling x2  
  46  8:16  Muscular Augments  
  47  8:22  Evolution Chamber  
  47  8:23  Drone  
  47  8:24  Drone x2  
  49  8:33  Infestation Pit  
  48  8:38  Drone  
  49  8:57  Hatchery  
  48  9:03  Zerg Missile Weapons Level 1  
  48  9:06  Zerg Ground Armor Level 2  
  48  9:10  Hive  
  48  9:11  Hydralisk  
  48  9:12  Hydralisk x7  
  64  9:28  Overlord x3  
  64  9:38  Hydralisk x4  
  64  9:44  Extractor  
  71  9:47  Extractor  
  70  10:06  Hydralisk x7  
  65  10:18  Hydralisk  
  65  10:19  Zergling x2, Hydralisk x2  
  64  10:32  Hydralisk x3  
  70  10:39  Queen  
  72  10:45  Drone  
  72  10:46  Drone x5  
  72  10:47  Drone x2  
  80  11:07  Zerg Missile Weapons Level 2  
  80  11:10  Drone x2  
  80  11:11  Drone  
  83  11:14  Drone x2  
  83  11:15  Drone  
  86  11:19  Drone x2  
  88  11:41  Spore Crawler  
  88  11:42  Spore Crawler  
  88  11:45  Spore Crawler x2  
  66  12:17  Zerg Ground Armor Level 3  
  66  12:20  Drone x3  
  66  12:21  Drone x7  
  74  12:47  Hydralisk x5  
  68  13:40  Hydralisk x8  
  68  13:41  Hydralisk  
  60  14:27  Drone x3  
  63  14:44  Hatchery  
Show
View Real Time Build Order
Export as new Build Order

Donnerschlag Protoss 

Build Orders: 1 Gate Expand, Forge Fast Expand (FFE) 

Get SALT Encoding   

  12  0:02  Probe (Chrono Boost)  
  13  0:19  Probe (Chrono Boost)  
  14  0:25  Pylon  
  14  0:46  Forge  
  14  0:49  Gateway  
  14  1:01  Gateway  
  14  1:28  Nexus  
  14  1:46  Photon Cannon  
  14  1:57  Probe (Chrono Boost)  
  15  2:08  Probe (Chrono Boost)  
  16  2:14  Assimilator  
  16  2:18  Assimilator, Probe (Chrono Boost)  
  16  2:22  Pylon  
  17  2:31  Probe (Chrono Boost)  
  18  2:42  Probe (Chrono Boost)  
  19  2:44  Cybernetics Core  
  19  2:52  Probe (Chrono Boost)  
  20  3:02  Photon Cannon  
  20  3:03  Probe (Chrono Boost)  
  21  3:07  Probe (Chrono Boost)  
  22  3:13  Probe (Chrono Boost)  
  22  3:17  Probe (Chrono Boost)  
  24  3:24  Probe (Chrono Boost)  
  25  3:28  Probe (Chrono Boost)  
  25  3:32  Stargate  
  26  3:38  Probe (Chrono Boost)  
  27  3:42  Probe (Chrono Boost)  
  28  3:49  Probe (Chrono Boost)  
  28  3:53  Probe (Chrono Boost)  
  30  4:00  Probe (Chrono Boost)  
  31  4:03  Probe (Chrono Boost), Stargate  
  32  4:10  Probe (Chrono Boost)  
  33  4:19  Fleet Beacon  
  33  4:21  Probe (Chrono Boost)  
  33  4:23  Pylon  
  34  4:25  Pylon  
  34  4:30  Assimilator  
  34  4:32  Probe (Chrono Boost)  
  34  4:35  Assimilator  
  35  4:41  Probe  
  36  4:51  Probe  
  37  5:03  Probe, Carrier (Chrono Boost)  
  44  5:15  Probe  
  45  5:25  Carrier (Chrono Boost)  
  51  5:38  Graviton Catapult  
  51  5:50  Pylon  
  51  5:55  Pylon  
  51  6:19  Carrier (Chrono Boost)  
  51  6:23  Nexus  
  51  6:25  Assimilator  
  57  6:27  Assimilator  
  57  6:30  Pylon  
  57  6:33  Pylon  
  57  6:36  Pylon  
  57  6:39  Carrier (Chrono Boost)  
  63  7:34  Carrier (Chrono Boost)  
  69  7:54  Carrier (Chrono Boost)  
  75  7:59  Photon Cannon  
  75  8:00  Photon Cannon  
  75  8:20  Protoss Air Weapons Level 1  
  81  8:49  Carrier (Chrono Boost)  
  81  8:56  Protoss Shields Level 1  
  81  8:59  Nexus  
  81  9:08  Carrier (Chrono Boost)  
  87  10:03  Carrier (Chrono Boost)  
  93  10:14  Protoss Air Armor Level 1  
  93  10:23  Carrier (Chrono Boost)  
  99  10:32  Photon Cannon  
  87  11:32  Robotics Facility  
  87  11:35  Carrier (Chrono Boost)  
  87  11:37  Carrier (Chrono Boost)  
  93  14:08  Protoss Air Weapons Level 2  
  93  14:10  Observer  
  94  14:28  Carrier x2 (Chrono Boost)  
  106  14:31  Observer  
Show
View Real Time Build Order
Export as new Build Order

Crazyjoé Protoss 

Build Orders: Phoenix Opening 

Get SALT Encoding   

  12  0:02  Probe (Chrono Boost)  
  13  0:13  Probe (Chrono Boost)  
  14  0:22  Pylon  
  14  0:24  Probe (Chrono Boost)  
  15  0:41  Probe (Chrono Boost)  
  16  0:50  Gateway  
  16  0:53  Forge  
  16  0:56  Probe (Chrono Boost)  
  17  1:08  Probe (Chrono Boost)  
  18  1:11  Assimilator  
  18  1:15  Assimilator  
  18  1:19  Probe (Chrono Boost)  
  19  1:28  Photon Cannon  
  19  1:32  Probe (Chrono Boost)  
  20  1:43  Pylon  
  20  1:46  Probe (Chrono Boost)  
  21  1:57  Probe (Chrono Boost)  
  22  2:04  Cybernetics Core  
  22  2:07  Probe (Chrono Boost)  
  23  2:20  Photon Cannon  
  23  2:22  Probe (Chrono Boost)  
  24  2:50  Nexus  
  24  3:00  Stargate  
  24  3:09  Stargate  
  24  3:25  Protoss Air Weapons Level 1 (Chrono Boost)  
  24  3:43  Phoenix  
  26  3:49  Probe  
  26  3:52  Phoenix  
  29  4:00  Probe  
  29  4:01  Probe  
  31  4:10  Assimilator  
  31  4:11  Probe  
  31  4:13  Probe  
  31  4:14  Phoenix  
  31  4:16  Assimilator  
  35  4:22  Probe  
  36  4:26  Probe  
  36  4:29  Phoenix  
  39  4:32  Probe  
  40  4:38  Probe  
  40  4:44  Phoenix  
  43  4:46  Probe  
  43  4:50  Probe  
  45  5:02  Probe  
  46  5:09  Pylon  
  46  5:25  Probe  
  46  5:27  Probe, Phoenix  
  50  5:30  Phoenix  
  52  5:36  Probe  
  52  5:39  Probe  
  52  5:40  Protoss Air Armor Level 1 (Chrono Boost)  
  54  6:33  Pylon  
  54  6:34  Pylon  
  54  6:35  Pylon  
  54  6:49  Probe  
  54  6:51  Phoenix x2  
  59  7:00  Probe  
  60  7:09  Stargate  
  60  7:10  Probe  
  61  7:16  Phoenix x2  
  65  7:41  Phoenix  
  65  7:43  Phoenix  
  69  7:53  Fleet Beacon  
  69  8:07  Phoenix x2  
  69  8:08  Phoenix  
  75  8:33  Nexus  
  75  8:54  Phoenix  
  77  8:58  Pylon  
  77  9:00  Anion Pulse-Crystals  
  77  9:04  Pylon  
  77  9:06  Pylon  
  77  9:07  Pylon  
  77  9:09  Protoss Air Weapons Level 2 (Chrono Boost)  
  77  9:10  Pylon  
  77  9:16  Phoenix x2  
  81  9:19  Phoenix  
  83  9:41  Phoenix x2  
  83  9:45  Phoenix  
  89  9:51  Pylon  
  89  9:52  Pylon  
  89  10:06  Phoenix x2  
  93  10:10  Phoenix  
  94  10:31  Phoenix x2  
  94  10:35  Phoenix  
  98  10:56  Phoenix x2  
  98  11:00  Phoenix  
  94  11:21  Phoenix x2  
  94  11:24  Protoss Air Weapons Level 3 (Chrono Boost)  
  94  11:25  Phoenix  
  98  11:46  Phoenix x2  
  102  11:50  Phoenix  
  102  12:17  Tempest  
  102  12:18  Tempest x2  
  114  12:36  Nexus  
  98  13:41  Tempest x3  
  98  13:47  Probe  
  98  13:48  Protoss Air Armor Level 2 (Chrono Boost)  
  111  13:58  Probe  
  112  14:06  Assimilator  
  112  14:10  Assimilator  
  112  14:24  Tempest x3  
  120  15:10  Tempest x3  
Show
View Real Time Build Order
Export as new Build Order

drfalken Zerg 

Build Orders: Pool First 

Get SALT Encoding   

  12  0:02  Drone  
  13  0:15  Extractor  
  12  0:30  Spawning Pool  
  12  0:32  Drone  
  12  0:34  Drone  
  13  0:41  Drone  
  14  0:53  Overlord  
  14  1:18  Baneling Nest  
  13  1:19  Queen  
  13  1:22  Zergling x2  
  16  1:37  Metabolic Boost  
  16  1:40  Zergling x2  
  17  1:51  Zergling x4  
  20  1:54  Zergling x2  
  20  2:18  Lair  
  20  2:19  Drone x2  
  22  2:28  Overlord  
  22  2:39  Overlord  
  22  2:48  Overlord  
  22  3:03  Drone x3  
  25  3:06  Drone  
  26  3:21  Drone  
  26  3:22  Drone  
  28  3:36  Extractor  
  28  3:37  Drone x3  
  30  3:44  Spire  
  29  3:52  Drone x2  
  29  3:53  Drone  
  32  4:14  Drone  
  33  4:29  Hatchery, Extractor  
  31  4:33  Extractor  
  30  4:40  Hatchery  
  29  4:51  Queen  
  31  4:58  Zerg Flyer Weapons Level 1  
  31  5:14  Drone x2  
  31  5:15  Drone  
  31  5:21  Zergling x8  
  36  5:30  Baneling  
  36  5:31  Baneling x6  
  36  5:48  Centrifical Hooks  
  36  5:52  Pneumatized Carapace  
  36  6:11  Hatchery  
  35  6:19  Drone  
  35  6:20  Drone x2  
  35  6:21  Drone  
  39  6:35  Drone  
  30  7:56  Hatchery  
  29  8:01  Extractor  
  29  8:02  Extractor  
  27  8:07  Drone x2  
  29  8:17  Drone x2  
  29  8:18  Drone  
  29  8:19  Drone x2  
  35  8:20  Drone  
  35  8:22  Drone  
  36  8:28  Queen  
  38  8:49  Drone  
  38  8:52  Spore Crawler  
  38  8:53  Drone x2  
  40  8:56  Spore Crawler  
  40  8:58  Spore Crawler  
  38  9:17  Queen  
  38  9:20  Drone x5  
  45  9:26  Spore Crawler  
  44  9:31  Spore Crawler  
  43  9:43  Spire  
  42  9:50  Drone x2  
  42  9:51  Drone  
  45  10:02  Drone  
  45  10:03  Drone x3  
  49  10:27  Overlord  
  49  10:28  Overlord x4  
  44  10:58  Queen  
  44  10:59  Drone x4  
  44  11:02  Drone x3  
  44  11:03  Drone x3  
  56  11:04  Overlord x2  
  56  11:05  Overlord  
  56  11:09  Queen  
  58  11:13  Queen  
  60  11:20  Queen  
  62  11:44  Burrow  
  62  11:47  Zerg Flyer Armor Level 1  
  62  11:51  Drone  
  65  11:57  Drone x2  
  65  11:59  Overlord  
  65  12:00  Overlord x7  
  65  12:17  Infestation Pit  
  65  12:21  Spore Crawler  
  63  12:25  Spore Crawler  
  62  12:55  Hive  
  62  13:02  Drone  
  62  13:03  Drone x10  
  62  13:04  Drone x5  
  75  13:15  Drone  
  76  13:24  Drone x2  
  76  13:25  Drone  
  79  13:37  Spire  
  78  14:09  Greater Spire  
  78  14:10  Corruptor  
  78  14:11  Corruptor x18  
  116  14:33  Hatchery, Extractor  
  116  14:37  Extractor  
  113  14:49  Zerg Flyer Weapons Level 2  
  113  15:05  Overseer  
  113  15:24  Brood Lord  
  113  15:25  Brood Lord x13  
  141  16:00  Corruptor x5  
  141  16:01  Corruptor x4  
Show
View Real Time Build Order
Export as new Build Order

mekagoendios Protoss 

Build Orders:  

Get SALT Encoding   

  12  0:01  Probe (Chrono Boost)  
  13  0:15  Pylon  
  13  0:18  Probe (Chrono Boost)  
  14  0:29  Probe (Chrono Boost)  
  15  0:39  Probe (Chrono Boost)  
  15  0:40  Gateway  
  17  0:50  Probe (Chrono Boost)  
  17  0:59  Gateway  
  17  1:00  Probe (Chrono Boost)  
  18  1:11  Probe (Chrono Boost), Pylon  
  19  1:21  Probe (Chrono Boost)  
  20  1:29  Gateway  
  20  1:30  Zealot  
  22  1:40  Cybernetics Core  
  22  1:47  Assimilator  
  22  1:50  Zealot  
  22  1:52  Probe (Chrono Boost)  
  25  2:01  Zealot  
  25  2:02  Probe (Chrono Boost)  
  25  2:08  Pylon  
  28  2:13  Probe (Chrono Boost)  
  29  2:15  Assimilator  
  29  2:20  Zealot  
  31  2:31  Pylon  
  31  2:32  Warp Gate (Chrono Boost)  
  31  2:37  Zealot  
  33  2:39  Probe  
  34  2:51  Gateway  
  34  2:55  Zealot  
  36  2:59  Probe  
  36  3:04  Stalker  
  39  3:16  Stalker  
  41  3:22  Stalker  
  43  3:47  Nexus  
  43  3:52  Pylon  
  43  3:57  Probe (Chrono Boost)  
  44  4:08  Probe (Chrono Boost)  
  45  4:12  Pylon  
  45  4:19  Probe (Chrono Boost)  
  45  4:20  Gateway  
  46  4:29  Stalker x2, Probe (Chrono Boost)  
  51  4:37  Stalker  
  53  4:43  Stalker  
  55  4:46  Probe (Chrono Boost)  
  56  4:56  Probe (Chrono Boost)  
  47  5:27  Stalker x3  
  53  5:29  Stalker  
  53  5:30  Probe (Chrono Boost)  
  57  5:35  Probe (Chrono Boost)  
  57  5:41  Probe (Chrono Boost)  
  58  5:44  Assimilator  
  58  5:46  Probe (Chrono Boost)  
  59  5:50  Assimilator  
  59  5:52  Probe (Chrono Boost)  
  59  5:53  Twilight Council  
  60  5:59  Pylon  
  60  6:01  Probe (Chrono Boost)  
  60  6:02  Probe (Chrono Boost)  
  62  6:11  Probe (Chrono Boost)  
  62  6:13  Probe (Chrono Boost)  
  64  6:23  Probe (Chrono Boost)  
  64  6:25  Stalker x2  
  67  6:26  Stalker  
  67  6:28  Stalker  
  73  6:34  Probe (Chrono Boost)  
  74  6:44  Probe (Chrono Boost)  
  75  6:55  Probe (Chrono Boost)  
  75  7:00  Nexus  
  76  7:01  Blink (Chrono Boost)  
  76  7:05  Dark Shrine  
  74  7:24  Stalker x3  
  74  7:25  Stalker x2  
  74  8:02  Assimilator  
  74  8:06  Assimilator  
  74  8:09  Pylon  
  72  8:13  Pylon  
  72  8:16  Pylon  
  72  8:17  Probe  
  73  8:20  Pylon  
  73  8:28  Probe  
  73  8:30  Dark Templar x3  
  73  8:31  Dark Templar x2  
  84  8:38  Probe  
  84  8:40  Gateway  
  85  8:44  Gateway  
  85  8:49  Probe, Gateway  
  85  8:51  Pylon  
  85  8:53  Forge  
  86  9:00  Probe  
  86  9:01  Probe  
  88  9:10  Probe, Forge  
  88  9:12  Probe, Forge  
  90  9:22  Dark Templar x3  
  96  9:25  Archon x2  
  96  9:26  Archon x2  
  96  9:27  Probe  
  97  9:39  Probe  
  97  9:41  Protoss Ground Weapons Level 1 (Chrono Boost)  
  97  9:43  Protoss Ground Armor Level 1 (Chrono Boost)  
  98  9:47  Protoss Shields Level 1 (Chrono Boost)  
  98  9:51  Probe  
  99  9:56  Pylon  
  99  9:58  Pylon  
  99  10:00  Pylon  
  99  10:04  Dark Templar  
  99  10:05  Dark Templar x2  
  105  10:08  Dark Templar  
  105  10:11  Dark Templar  
  109  10:15  Dark Templar  
  65  10:44  Dark Templar x4  
  65  10:45  Dark Templar x2  
  69  11:08  Probe  
  70  11:21  Probe  
  71  11:33  Probe, Protoss Ground Weapons Level 2 (Chrono Boost)  
  71  11:35  Protoss Shields Level 2 (Chrono Boost)  
  71  11:37  Protoss Ground Armor Level 2 (Chrono Boost)  
  72  11:45  Probe  
  73  11:55  Pylon  
  73  11:57  Probe, Pylon  
  73  12:00  Stalker x4, Pylon  
  73  12:01  Stalker  
  84  12:02  Stalker  
  84  12:03  Pylon  
  86  12:09  Probe  
  87  12:21  Probe  
  88  12:34  Stalker x3  
  88  12:35  Stalker x2  
  88  12:36  Dark Templar  
  100  12:41  Dark Templar  
  70  14:17  Dark Templar x5  
  70  14:18  Dark Templar x3  
  68  14:25  Protoss Shields Level 3 (Chrono Boost)  
  68  14:27  Protoss Ground Weapons Level 3 (Chrono Boost)  
  68  14:28  Protoss Ground Armor Level 3 (Chrono Boost)  
  64  14:31  Pylon  
  64  14:33  Pylon x2  
  64  14:34  Archon x3  
  64  14:35  Archon  
  64  14:56  Stalker x3  
  64  14:57  Stalker x3  
  64  14:58  Stalker x2  
  80  15:20  Stalker  
  80  15:21  Stalker x4  
  88  15:25  Stalker x3  
  96  15:50  Nexus  
  96  15:53  Assimilator  
  96  15:58  Assimilator, Dark Templar  
  96  15:59  Dark Templar  
  96  16:02  Pylon, Dark Templar  
  102  16:07  Dark Templar  
  104  16:23  Archon x2  
  104  16:37  Dark Templar  
  104  16:38  Dark Templar x3  
  112  16:40  Stalker  
  112  16:41  Stalker  
  112  16:43  Archon  
  112  16:45  Archon  
Tags
 
Add a new tag
Caveats
  • Supply blocks, unpowered buildings, or Contaminate may cause inaccurate times.
  • Supply counts are checked every 10 seconds.